 Dungeon Crawl Stone Soup version 0.22-a0-396-g3f858e3 (webtiles) character file.

295 Kairos the Chopper (level 6, -6/32 HPs)
             Began as a Vine Stalker Fighter on May 3, 2018.
             Mangled by an unseen horror (8 damage)
             ... on level 1 of the Abyss.
             The game lasted 00:04:27 (2289 turns).

Kairos the Chopper (Vine Stalker Fighter)           Turns: 2289, Time: 00:04:28

Health: -6/32      AC:  6    Str: 20    XL:     6   Next: 34%
Magic:  0/7        EV:  7    Int:  8    God:
Gold:   188        SH:  9    Dex: 14    Spells: 5/5 levels left

rFire    . . .     SeeInvis .   u - +2 war axe (flame)
rCold    + . .     Gourm    .   c - +0 shield
rNeg     . . .     Faith    .   b - +0 scale mail
rPois    +         Spirit   +   (no helmet)
rElec    .         Reflect  .   (no cloak)
rCorr    .         Harm     .   (no gloves)
MR       .....                  (no boots)
Stlth    ..........             (no amulet)
HPRegen  0.50/turn              s - ring of protection from cold
MPRegen  0.10/turn              g - ring of poison resistance

@: about to teleport
A: fangs 2, regeneration 1, magic shield, antimagic bite, no potion heal 3, rot
immunity
a: no special abilities


You were on level 1 of the Abyss.
You were hungry.

You visited 1 branch of the dungeon, and saw 4 of its levels.
You visited the Abyss 1 time.

You collected 188 gold pieces.

Inventory:

Hand Weapons
 a - a +0 war axe
 k - a +0 broad axe
 u - a +2 war axe of flaming (weapon)
Missiles
 o - 11 tomahawks of returning (quivered)
 q - 7 javelins of penetration
Armour
 b - a +0 scale mail (worn)
 c - a +0 shield (worn)
Jewellery
 e - an uncursed ring of resist corrosion
 g - a ring of poison resistance (right hand)
 s - a ring of protection from cold (left hand)
 t - an uncursed ring of fire
Scrolls
 i - 2 scrolls of remove curse
 r - 2 scrolls of enchant weapon {unknown}
 v - a scroll of enchant armour {unknown}
Potions
 d - 2 potions of might
 h - a potion of berserk rage {unknown}
 m - 3 potions of curing {unknown}
 n - 2 potions of flight {unknown}
 p - 2 potions of degeneration {unknown}
 w - a potion of heal wounds {unknown}
Comestibles
 f - 8 rations


   Skills:
 + Level 3.3 Fighting
 + Level 4.2 Axes
 + Level 3.0 Armour
 + Level 0.5 Dodging
 + Level 3.8 Shields


You had 5 spell levels left.
You didn't know any spells.

Dungeon Overview and Level Annotations

Branches:
Dungeon (4/15)
 Temple: D:4-7

Altars:
Sif Muna


Innate Abilities, Weirdness & Mutations

You have extremely sharp teeth.
Your natural rate of healing is unusually fast.
When hurt, damage is shared between your health and your magic reserves.
Your bite disrupts and absorbs the magic of your enemies.
Potions cannot restore your health.
You are immune to rotting.


Message History

You block something's attack. Something hits you. Something hits you.
You block something's attack. Something hits you but does no damage.
Something hits you. Something hits you but does no damage.
Something hits you but does no damage. Something hits you!
Something hits you but does no damage.
As you read the scroll of teleportation, it crumbles to dust.
You feel strangely unstable.
You feel the power of the Abyss delaying your translocation!
Something hits you! Something hits you!
* * * LOW HITPOINT WARNING * * *
Something hits you but does no damage. Something hits you!
* * * LOW HITPOINT WARNING * * *
Something hits you!
You die...

# #.
....#......#.....
. . . # # #.#..
...######...#..
.....
#..##.....###...
## . ####
...#.##.## #.
#.###.## #.# . #
# # .......# #
####.#.##..#
#.###...#..# ...#
#.@{.#.#### #. #
#..#.#...# #.
#..#.#...# #.
#.###.#.#.# .. ##
######.# #.. ##


There were no monsters in sight!

Vanquished Creatures
  2 hounds
  3 orc wizards (D:3)
  A worker ant (D:4)
  A gnoll (D:1)
  3 adders
  An ooze (D:3)
  A worm (D:2)
  4 dart slugs
  10 orcs (D:3)
  4 ball pythons
  5 bats
  A giant cockroach (D:1)
  8 hobgoblins
  8 jackals
  3 kobolds
  3 quokkas
  2 frilled lizards
  5 goblins
  5 rats
70 creatures vanquished.

Notes
Turn   | Place    | Note
-------+----------+-------------------------------------------
     0 | D:1      | Kairos the Vine Stalker Fighter began the quest for the Orb.
     0 | D:1      | Reached XP level 1. HP: 11/11 MP: 2/2
    92 | D:1      | Reached skill level 2 in Axes
   144 | D:1      | Reached XP level 2. HP: 13/16 MP: 3/3
   391 | D:1      | Reached XP level 3. HP: 10/20 MP: 1/4
   753 | D:2      | Reached skill level 3 in Axes
   753 | D:2      | Gained mutation: Your natural rate of healing is unusually fast. [Vine Stalker growth]
   753 | D:2      | Reached XP level 4. HP: 20/24 MP: 2/5
  1522 | D:3      | Reached XP level 5. HP: 28/28 MP: 6/6
  1813 | D:3      | Reached XP level 6. HP: 28/32 MP: 4/7
  1881 | D:3      | Reached skill level 4 in Axes
  1902 | D:3      | Found a deep blue altar of Sif Muna.
  2239 | D:4      | Cast into level 1 of the Abyss (orc)
  2288 | Abyss:1  | HP: 1/32 [something (5)]
  2289 | Abyss:1  | Mangled by an unseen horror

Vault maps used:
D:1:      giann_bridges
D:2:      serial_forest, infiniplex_forest_zigzag_2,
          infiniplex_forest_clump_double, infiniplex_forest_clump_double,
          infiniplex_forest_clump_small, infiniplex_forest_lined_3,
          infiniplex_forest_clump_long, infiniplex_forest_lined_corner,
          infiniplex_forest_lined_1, infiniplex_forest_clump_tiny,
          serial_bayou_lagoon_b
D:3:      led_sif_pool
D:4:      lemuel_upstairs_altar, nicolae_overflow_crystal_walls,
          kennysheep_decorative_pillar, uniq_duvessa

Skill      XL: |  1  2  3  4  5  6 |
---------------+-------------------+-----
Axes           | 2 3 4 |  4.2
Fighting       | 3 |  3.3
Shields        | 3 |  3.8
Armour         | 3 |  3.0
Dodging        | |  0.5

Action                   |  1- 3 |  4- 6 || total
-------------------------+-------+-------++-------
Melee: War axe           |    55 |   115 ||   170
       Bite              |    12 |    28 ||    40
  Use: Scroll            |       |     5 ||     5
  Eat: Chunk             |       |     4 ||     4
Armor: Scale mail        |    28 |    75 ||   103
Dodge: Dodged            |    17 |    45 ||    62
Block: Shield            |    34 |    95 ||   129

Table legend:
 A = Spawn XP
 B = Non-spawn XP
 C = Spawn XP percentage of total XP
 D = Spawn monster count
 E = Non-spawn monster count
 F = Spawn count percentage of total count
 G = Total turns spent on level
                    A         B        C        D         E        F      G
               +---------+---------+-------+---------+---------+-------+---------
         Total |       0 |     422 |   0.0 |       0 |      70 |   0.0 |  2289
               +---------+---------+-------+---------+---------+-------+---------
           D:1 |       0 |      47 |   0.0 |       0 |      19 |   0.0 |   733
           D:2 |       0 |      90 |   0.0 |       0 |      18 |   0.0 |   727
           D:3 |       0 |     201 |   0.0 |       0 |      28 |   0.0 |   514
           D:4 |       0 |      84 |   0.0 |       0 |       5 |   0.0 |   265
               +---------+---------+-------+---------+---------+-------+---------
